 Dungeon Crawl Stone Soup version 0.21.1-1-g345015f (webtiles) character file.

2095 letownia2 the Spear-Bearer (level 9, -5/65 HPs)
             Began as a Merfolk Skald on Mar 14, 2018.
             Was a Believer of Cheibriados.
             Killed by divine providence
             ... invoked by an orc priest
              (13 damage)
             ... on level 10 of the Dungeon.
             The game lasted 00:21:37 (3020 turns).

letownia2 the Spear-Bearer (Merfolk Skald)          Turns: 3020, Time: 00:21:38

Health: -5/65      AC:  6    Str: 23    XL:     9   Next: 27%
Magic:  3/12       EV: 13    Int: 17    God:    Cheibriados [**....]
Gold:   316        SH:  2    Dex: 17    Spells: 1/12 levels left

rFire    . . .     SeeInvis +   a - +1 trident (pierce)
rCold    . . .     Gourm    .   (no shield)
rNeg     . . .     Faith    .   N - +0 leather armour
rPois    .         Spirit   .   h - +0 hat {SInv}
rElec    .         Reflect  +   p - +1 cloak {MR+}
rCorr    .         Harm     .   (no gloves)
MR       +....                  t - +0 pair of boots
Stlth    +.........             n - +2 amulet of reflection
HPRegen  1.20/turn              g - +5 ring of strength
MPRegen  0.13/turn              E - ring of flight

@: very slightly contaminated, regenerating (expiring), very slow
A: change form in water, swift swim, stealthy swim
a: Bend Time, Renounce Religion, Evoke Flight


You were on level 10 of the Dungeon.
You worshipped Cheibriados.
Cheibriados was pleased with you.
You were not hungry.

You visited 2 branches of the dungeon, and saw 12 of its levels.

You collected 316 gold pieces.

Inventory:

Hand Weapons
 a - a +1 trident of piercing (weapon)
 b - the +7 flail of Tacosate {freeze, rPois MR++ Str-3 Int+4}
   (You found it on level 8 of the Dungeon)

   It has been specially enchanted to freeze those struck by it, causing extra
   injury to most foes and up to half again as much damage against particularly
   susceptible opponents.
   It can also slow down cold-blooded creatures.
   It affects your strength (-3).
   It affects your intelligence (+4).
   It protects you from poison.
   It affects your resistance to hostile enchantments.
 u - a +1 flail of holy wrath
 w - a +0 short sword of protection
 H - a +0 spear
 K - a +0 trident
Missiles
 e - 6 javelins
 k - 34 sling bullets
 C - 12 poisoned needles
 G - 3 poisoned tomahawks (quivered)
Armour
 h - a +0 hat of see invisible (worn)
 l - a +0 ring mail
 m - a +0 helmet
 o - a +0 scale mail
 p - a +1 cloak of magic resistance (worn)
 t - a +0 pair of boots (worn)
 D - a +0 scale mail
 N - a +0 leather armour (worn)
Jewellery
 g - a +5 ring of strength (left hand)
 n - a +2 amulet of reflection (around neck)
 E - a ring of flight (right hand)
Wands
 I - a wand of random effects (31)
Scrolls
 i - 2 scrolls of teleportation
 j - 2 scrolls of identify {unknown}
 r - 4 scrolls of remove curse
 s - 2 scrolls of enchant weapon {unknown}
 y - 3 scrolls of fear
 L - a scroll of random uselessness {unknown}
 M - a scroll of amnesia {unknown}
 P - a scroll of immolation {unknown}
Potions
 f - 2 potions of might
 q - a potion of magic {unknown}
 v - a potion of haste {unknown}
 x - a potion of agility {unknown}
 A - a potion of cancellation {unknown}
 B - 2 potions of curing {unknown}
 F - a potion of experience {unknown}
 J - a potion of flight {unknown}
 O - a potion of brilliance {unknown}
Books
 c - a book of Battle

   Spells                             Type                      Level
   a - Infusion                       Charms                       1
   b - Shroud of Golubria             Charms/Translocation         2
   c - Song of Slaying                Charms                       2
   d - Spectral Weapon                Hexes/Charms                 3
   e - Regeneration                   Charms/Necromancy            3
 z - a book of Maledictions

   Spells                             Type                      Level
   a - Corona                         Hexes                        1
   b - Ensorcelled Hibernation        Hexes/Ice                    2
   c - Confuse                        Hexes                        3
   d - Tukima's Dance                 Hexes                        3
   e - Dazzling Spray                 Conjuration/Hexes            3
Comestibles
 d - 6 rations
 Q - 3 chunks of flesh


   Skills:
 - Level 3.9 Fighting
 + Level 13.5 Polearms
 - Level 0.6 Armour
 - Level 2.6 Dodging
 - Level 2.0 Spellcasting
 - Level 1.6 Hexes
 - Level 6.0 Charms
 - Level 2.2 Necromancy
 - Level 1.3 Translocations


You had one spell level left.
You knew the following spells:

 Your Spells              Type           Power        Failure   Level  Hunger
a - Infusion              Chrm           ###.         1%          1    #......
g - Regeneration          Chrm/Necr      ###.......   12%         3    ###....
l - Song of Slaying       Chrm           ###.....     2%          2    ###....
t - Shroud of Golubria    Chrm/Tloc      ##........   8%          2    ###....
x - Spectral Weapon       Hex/Chrm       ##......     14%         3    ###....


Dungeon Overview and Level Annotations

Branches:
Dungeon (11/15)            Temple (1/1) D:5
   Lair: D:8-11         Orc: D:9-12

Altars:
Ashenzari
Cheibriados
Elyvilon
Gozag
Hepliaklqana
Kikubaaqudgha
Qazlal
Ru
Uskayaw
Wu Jian
Xom
Zin
The Shining One

Annotations:
D:4 Setanta's ghost, amateur GnSk
D:9 PaperRat's ghost, journeyman CeCK


Message History

Unknown command.
You puncture the orc priest!
The orc priest is heavily wounded.
The orc priest barely misses you.
Unknown command.
You hit the orc priest.
The orc priest is severely wounded.
Unknown command.
You hit the orc priest but do no damage.
The orc priest is severely wounded.
The orc priest calls down the wrath of Beogh upon you.
Beogh smites you!
* * * LOW HITPOINT WARNING * * *
Unknown command.
You hit the orc priest.
You kill the orc priest!
Cheibriados thoroughly appreciates the change of pace.
The orc priest mumbles some strange prayers to Beogh against you.
Beogh smites you!
You die...

#...# #.# #...# #.#
#...# #.# #...# #.#
#..># #.# #...# #.#
# #...# #.#
....#####...#####.#
....oo)@..........#
###################


You could see an orc priest and an orc.

Vanquished Creatures
  A troll (D:11)
  Menkaure (D:7)
  2 hell hounds (D:8)
  2 ice beasts (D:5)
  2 orc warriors (D:8)
  2 phantoms
  4 ogres
  A bullfrog (D:7)
  A scorpion (D:5)
  A centaur zombie (D:6)
  3 orc priests
  A jelly (D:8)
  Ijyb (D:5)
  6 orc wizards
  3 worker ants
  7 adders
  An ooze (D:5)
  2 worms
  3 leopard geckos
  29 orcs
  4 giant cockroaches
  3 goblins
  2 hobgoblins
  7 jackals
  A quokka (D:5)
  3 bats
  2 frilled lizards
  A kobold (D:1)
  A leopard gecko zombie (D:8)
  A quokka skeleton (D:5)
  3 rats
101 creatures vanquished.

Vanquished Creatures (others)
  2 spectral weapons
2 creatures vanquished.

Grand Total: 103 creatures vanquished

Notes
Turn   | Place    | Note
-------+----------+-------------------------------------------
     0 | D:1      | letownia2 the Merfolk Skald began the quest for the Orb.
     0 | D:1      | Reached XP level 1. HP: 16/16 MP: 3/3
   185 | D:2      | Reached XP level 2. HP: 19/22 MP: 1/5
   250 | D:2      | Reached XP level 3. HP: 3/27 MP: 0/6
   255 | D:2      | Learned a level 3 spell: Spectral Weapon
   258 | D:2      | Learned a level 2 spell: Shroud of Golubria
   428 | D:4      | Noticed Setanta's ghost (amateur GnSk)
   575 | D:4      | Reached skill level 1 in Hexes
   575 | D:4      | Reached skill level 1 in Translocations
   575 | D:4      | Reached XP level 4. HP: 14/33 MP: 0/7
   748 | D:4      | Reached skill level 4 in Polearms
   876 | D:4      | Reached XP level 5. HP: 32/39 MP: 2/8
   967 | D:4      | Noticed a phantom
  1055 | D:4      | Killed a phantom
  1055 | D:4      | Reached skill level 5 in Polearms
  1055 | D:4      | Reached XP level 6. HP: 26/47 MP: 0/9
  1132 | D:4      | Reached skill level 5 in Charms
  1151 | D:4      | Noticed a phantom
  1154 | D:5      | Entered Level 5 of the Dungeon
  1160 | D:5      | Learned a level 3 spell: Regeneration
  1302 | D:4      | Reached skill level 6 in Polearms
  1441 | D:4      | Found a white marble altar of Elyvilon.
  1506 | D:5      | Noticed an ice beast
  1522 | D:5      | Killed an ice beast
  1522 | D:5      | Reached skill level 1 in Necromancy
  1522 | D:5      | Reached XP level 7. HP: 32/53 MP: 2/10
  1697 | D:5      | Noticed Ijyb
  1729 | D:5      | Killed Ijyb
  1740 | D:5      | Reached skill level 7 in Polearms
  1884 | D:5      | Found a staircase to the Ecumenical Temple.
  1901 | D:5      | Reached skill level 8 in Polearms
  1909 | Temple   | Entered the Ecumenical Temple
  1937 | Temple   | Became a worshipper of Cheibriados the Contemplative
  2134 | D:6      | Found a shattered altar of Ashenzari.
  2166 | D:7      | Reached skill level 9 in Polearms
  2166 | D:7      | Reached XP level 8. HP: 60/60 MP: 3/11
  2280 | D:7      | Learned a level 2 spell: Song of Slaying
  2383 | D:7      | Noticed Menkaure
  2391 | D:7      | Killed Menkaure
  2393 | D:7      | Reached * piety under Cheibriados
  2547 | D:7      | Reached skill level 10 in Polearms
  2694 | D:8      | Got a dazzling flail
  2695 | D:8      | Identified the +7 flail of Tacosate {freeze, rPois MR++ Str-3 Int+4} (You found it on level 8 of the Dungeon)
  2728 | D:8      | Reached skill level 11 in Polearms
  2789 | D:8      | Reached skill level 12 in Polearms
  2791 | D:8      | Reached ** piety under Cheibriados
  2798 | D:8      | Reached XP level 9. HP: 14/65 MP: 1/12
  2826 | D:7      | Found a shimmering altar of Xom.
  2871 | D:9      | Noticed PaperRat's ghost (journeyman CeCK)
  2927 | D:10     | Entered Level 10 of the Dungeon
  2962 | D:9      | Found a glowing golden altar of the Shining One.
  2962 | D:9      | Found a sacrificial altar of Ru.
  2998 | D:11     | Noticed a troll
  3004 | D:11     | Killed a troll
  3004 | D:11     | Reached skill level 13 in Polearms
  3006 | D:11     | Noticed a two-headed ogre
  3020 | D:10     | Killed from afar by an orc priest

Skill      XL: |  1  2  3  4  5  6  7  8  9 |
---------------+----------------------------+-----
Charms         | 4 5 6 |  6.0
Hexes          | 1 |  1.6
Translocations | 1 |  1.3
Polearms       | 4 5 6 9 12 13 | 13.5
Fighting       | 3 |  3.9
Necromancy     | 1 2 |  2.2
Armour         | |  0.6
Dodging        | |  2.6
Spellcasting   | |  2.0

Action                   |  1- 3 |  4- 6 |  7- 9 || total
-------------------------+-------+-------+-------++-------
Melee: Spear             |    68 |    95 |    50 ||   213
       Trident           |       |       |   165 ||   165
Throw: Javelin           |     3 |    10 |       ||    13
       Tomahawk          |     3 |    21 |     6 ||    30
 Cast: Infusion          |    12 |     3 |     1 ||    16
       Shroud of Golubri |     2 |    19 |    22 ||    43
       Spectral Weapon   |       |     4 |    16 ||    20
       Regeneration      |       |     4 |    10 ||    14
       Song of Slaying   |       |       |     1 ||     1
  Use: Scroll            |       |       |     3 ||     3
       Potion            |       |       |     1 ||     1
 Stab: Distracted        |       |       |     2 ||     2
  Eat: Chunk             |       |     5 |    11 ||    16
Armor: Leather armour    |    18 |    43 |    36 ||    97
Dodge: Dodged            |    37 |    60 |    83 ||   180
Block: Other             |       |     5 |     8 ||    13
